[ PARTIDA AOE2 · #471946734 ]
UnrankedCeltas vs Armenians
Equipo del jugador · VICT
Equipo rival · DERR
[ ANÁLISIS DE REPETICIÓN · EXTRAÍDO DE LA PARTIDA GRABADA ]
Feudal
12:24
Castillos
16:43
Imperial
—
| APM promedio | 28.0 |
| APM pico | 69 |
| eAPM promedio | 19.2 |
| Aldeanos / militares | 109 / 50 |
Foco
⚔️ 24.6% · 🌾 75.4%
Woad Raider ×35 · Mangonel ×6 · Scorpion ×6 · Battering Ram ×2 · Monk ×1
Feudal
8:27
Castillos
21:15
Imperial
—
| APM promedio | 45.4 |
| APM pico | 73 |
| eAPM promedio | 21.0 |
| Aldeanos / militares | 73 / 54 |
Foco
⚔️ 30.3% · 🌾 69.7%
Militia ×36 · Mangonel ×6 · Spearman ×6 · Skirmisher ×5 · Archer ×1
Mapa de la partida
Recursos iniciales + cada clic de construcción. Líneas = muros · curvas = relieve. ◆ oro · ⬟ piedra · ● bayas · ✦ reliquia · ◌ hueco del cierre
Inputs por minuto
— brendansexson - - CORP_hector_sin_elo
Build order — brendansexson
Primeras 150 de 281 acciones detectadas
| 0:00 | Crear | Villager (Male) |
| 0:01 | Crear | Villager (Male) |
| 0:02 | Construir | House |
| 0:03 | Construir | House |
| 0:12 | Crear | Villager (Male) |
| 0:12 | Crear | Villager (Male) |
| 1:31 | Crear | Villager (Male) |
| 2:02 | Crear | Villager (Male) |
| 2:03 | Crear | Villager (Male) |
| 2:18 | Crear | Villager (Male) |
| 2:29 | Construir | Lumber Camp |
| 3:07 | Crear | Villager (Male) |
| 3:07 | Crear | Villager (Male) |
| 3:07 | Crear | Villager (Male) |
| 3:44 | Crear | Villager (Male) |
| 3:44 | Crear | Villager (Male) |
| 3:44 | Crear | Villager (Male) |
| 4:03 | Construir | Mill |
| 4:32 | Construir | House |
| 4:33 | Construir | House |
| 4:38 | Crear | Villager (Male) |
| 4:38 | Crear | Villager (Male) |
| 4:47 | Construir | House |
| 5:03 | Construir | House |
| 5:05 | Construir | House |
| 5:07 | Construir | House |
| 5:20 | Construir | Palisade Wall |
| 5:26 | Crear | Villager (Male) |
| 5:26 | Crear | Villager (Male) |
| 5:27 | Crear | Villager (Male) |
| 6:28 | Crear | Villager (Male) |
| 6:29 | Crear | Villager (Male) |
| 6:29 | Crear | Villager (Male) |
| 6:43 | Construir | Mill |
| 7:44 | Crear | Villager (Male) |
| 7:44 | Crear | Villager (Male) |
| 7:44 | Crear | Villager (Male) |
| 7:45 | Crear | Villager (Male) |
| 7:45 | Crear | Villager (Male) |
| 7:49 | Construir | Mill |
| 9:04 | Construir | Mining Camp |
| 9:20 | Construir | Palisade Wall |
| 9:27 | Investigar | Loom |
| 9:28 | Investigar | Feudal Age |
| 10:03 | Construir | Palisade Wall |
| 10:03 | Construir | Palisade Wall |
| 10:04 | Construir | Palisade Wall |
| 10:22 | Construir | Barracks |
| 10:51 | Crear | Villager (Male) |
| 10:52 | Crear | Villager (Male) |
| 11:21 | Construir | Lumber Camp |
| 12:24 | Edad | Edad Feudal |
| 12:32 | Construir | Watch Tower |
| 12:44 | Construir | Archery Range |
| 13:09 | Crear | Villager (Male) |
| 13:18 | Construir | Blacksmith |
| 13:30 | Construir | Farm |
| 13:54 | Construir | Farm |
| 14:03 | Investigar | Castle Age |
| 14:06 | Construir | Farm |
| 14:12 | Construir | Farm |
| 14:23 | Construir | Farm |
| 14:32 | Construir | Farm |
| 14:43 | Construir | Farm |
| 15:18 | Construir | Market |
| 15:24 | Construir | Palisade Wall |
| 15:32 | Investigar | Double-Bit Axe |
| 16:40 | Crear | Villager (Male) |
| 16:43 | Edad | Edad de los Castillos |
| 16:46 | Construir | Siege Workshop |
| 17:15 | Construir | Town Center |
| 17:43 | Crear | Mangonel |
| 17:44 | Crear | Villager (Male) |
| 17:44 | Crear | Villager (Male) |
| 18:08 | Crear | Villager (Male) |
| 18:09 | Crear | Villager (Male) |
| 18:13 | Construir | Farm |
| 18:18 | Construir | Farm |
| 18:18 | Construir | Farm |
| 18:19 | Construir | Farm |
| 18:19 | Construir | Farm |
| 18:20 | Construir | Farm |
| 18:31 | Construir | Farm |
| 18:33 | Crear | Villager (Male) |
| 18:40 | Construir | Farm |
| 18:47 | Construir | Farm |
| 18:50 | Construir | Farm |
| 18:50 | Crear | Villager (Male) |
| 18:50 | Crear | Villager (Male) |
| 19:03 | Construir | Farm |
| 19:03 | Crear | Villager (Male) |
| 19:21 | Construir | Mining Camp |
| 19:27 | Investigar | Town Watch |
| 19:34 | Crear | Villager (Male) |
| 19:34 | Crear | Villager (Male) |
| 19:45 | Construir | Farm |
| 19:51 | Crear | Villager (Male) |
| 19:51 | Crear | Villager (Male) |
| 20:04 | Crear | Villager (Male) |
| 20:04 | Crear | Villager (Male) |
| 20:29 | Construir | House |
| 20:30 | Construir | House |
| 20:32 | Construir | House |
| 20:42 | Investigar | Wheelbarrow |
| 20:47 | Crear | Villager (Male) |
| 20:47 | Crear | Villager (Male) |
| 21:01 | Crear | Villager (Male) |
| 21:01 | Crear | Villager (Male) |
| 21:02 | Crear | Villager (Male) |
| 21:20 | Investigar | Gold Mining |
| 21:38 | Crear | Villager (Male) |
| 21:38 | Crear | Villager (Male) |
| 21:46 | Construir | House |
| 21:47 | Construir | House |
| 21:57 | Crear | Mangonel |
| 21:57 | Crear | Mangonel |
| 21:58 | Crear | Villager (Male) |
| 21:59 | Crear | Villager (Male) |
| 21:59 | Crear | Villager (Male) |
| 22:08 | Investigar | Bow Saw |
| 22:20 | Crear | Villager (Male) |
| 22:20 | Crear | Villager (Male) |
| 22:38 | Crear | Villager (Male) |
| 22:38 | Crear | Villager (Male) |
| 22:39 | Crear | Villager (Male) |
| 22:41 | Crear | Villager (Male) |
| 22:56 | Crear | Scorpion |
| 22:57 | Crear | Villager (Male) |
| 22:58 | Crear | Villager (Male) |
| 22:58 | Crear | Villager (Male) |
| 23:03 | Construir | House |
| 23:04 | Construir | House |
| 23:13 | Construir | Palisade Wall |
| 23:23 | Crear | Villager (Male) |
| 23:24 | Crear | Villager (Male) |
| 23:52 | Construir | Castle |
| 23:58 | Crear | Scorpion |
| 24:04 | Investigar | Horse Collar |
| 24:08 | Crear | Villager (Male) |
| 24:08 | Crear | Villager (Male) |
| 24:43 | Construir | Lumber Camp |
| 24:46 | Crear | Villager (Male) |
| 24:47 | Crear | Villager (Male) |
| 24:50 | Crear | Woad Raider |
| 24:52 | Construir | Farm |
| 24:55 | Construir | Farm |
| 25:11 | Crear | Woad Raider |
| 25:11 | Crear | Woad Raider |
| 25:11 | Crear | Woad Raider |
| 25:12 | Crear | Woad Raider |
Build order — CORP_hector_sin_elo
Primeras 150 de 249 acciones detectadas
| 0:00 | Crear | Villager (Male) |
| 0:00 | Crear | Villager (Male) |
| 0:01 | Crear | Villager (Male) |
| 0:02 | Construir | House |
| 0:05 | Construir | House |
| 0:56 | Crear | Villager (Male) |
| 1:31 | Crear | Villager (Male) |
| 2:01 | Crear | Villager (Male) |
| 2:12 | Crear | Villager (Male) |
| 2:12 | Crear | Villager (Male) |
| 2:45 | Crear | Villager (Male) |
| 3:09 | Crear | Villager (Male) |
| 3:09 | Crear | Villager (Male) |
| 3:30 | Crear | Villager (Male) |
| 3:49 | Construir | House |
| 3:57 | Crear | Villager (Male) |
| 4:02 | Construir | Mule Cart |
| 4:30 | Crear | Villager (Male) |
| 4:30 | Crear | Villager (Male) |
| 4:31 | Crear | Villager (Male) |
| 4:37 | Crear | Villager (Male) |
| 5:00 | Construir | Mill |
| 5:02 | Crear | Villager (Male) |
| 5:19 | Investigar | Loom |
| 6:17 | Investigar | Feudal Age |
| 7:22 | Crear | Villager (Male) |
| 7:37 | Construir | House |
| 7:38 | Construir | Palisade Wall |
| 7:39 | Construir | Palisade Wall |
| 7:49 | Construir | Barracks |
| 8:00 | Crear | Villager (Male) |
| 8:03 | Construir | Palisade Wall |
| 8:04 | Construir | Palisade Wall |
| 8:12 | Construir | Palisade Wall |
| 8:13 | Construir | Palisade Wall |
| 8:27 | Edad | Edad Feudal |
| 8:37 | Construir | Archery Range |
| 8:42 | Crear | Spearman |
| 8:56 | Crear | Spearman |
| 8:58 | Crear | Villager (Male) |
| 9:09 | Construir | House |
| 9:18 | Crear | Archer |
| 9:19 | Crear | Spearman |
| 9:32 | Construir | House |
| 9:44 | Crear | Villager (Male) |
| 9:48 | Crear | Skirmisher |
| 10:08 | Crear | Skirmisher |
| 10:15 | Crear | Villager (Male) |
| 10:30 | Construir | Farm |
| 10:31 | Construir | Farm |
| 10:39 | Construir | Watch Tower |
| 10:45 | Crear | Villager (Male) |
| 11:06 | Crear | Villager (Male) |
| 11:12 | Crear | Villager (Male) |
| 11:15 | Construir | House |
| 11:25 | Construir | Mule Cart |
| 11:36 | Construir | House |
| 11:40 | Crear | Skirmisher |
| 12:04 | Construir | Mule Cart |
| 12:05 | Crear | Villager (Male) |
| 12:14 | Crear | Skirmisher |
| 12:21 | Crear | Villager (Male) |
| 12:52 | Crear | Villager (Male) |
| 13:06 | Crear | Villager (Male) |
| 13:08 | Construir | Farm |
| 13:09 | Construir | Farm |
| 13:11 | Construir | Farm |
| 13:16 | Investigar | Double-Bit Axe |
| 13:16 | Investigar | Double-Bit Axe |
| 13:42 | Crear | Villager (Male) |
| 13:52 | Construir | Farm |
| 13:54 | Construir | Farm |
| 13:56 | Crear | Villager (Male) |
| 14:17 | Crear | Villager (Male) |
| 14:41 | Construir | Farm |
| 14:45 | Construir | Farm |
| 14:46 | Crear | Villager (Male) |
| 14:49 | Construir | House |
| 14:54 | Construir | House |
| 15:01 | Crear | Villager (Male) |
| 15:18 | Construir | Mule Cart |
| 15:31 | Construir | Farm |
| 15:36 | Construir | House |
| 15:36 | Construir | House |
| 15:41 | Construir | House |
| 15:43 | Construir | Palisade Wall |
| 15:47 | Crear | Villager (Male) |
| 16:02 | Crear | Villager (Male) |
| 16:09 | Construir | Blacksmith |
| 16:31 | Crear | Skirmisher |
| 16:32 | Crear | Villager (Male) |
| 16:37 | Construir | Farm |
| 16:38 | Construir | Farm |
| 16:39 | Construir | Farm |
| 16:45 | Construir | Farm |
| 17:06 | Investigar | Wheelbarrow |
| 17:22 | Construir | Market |
| 17:44 | Construir | Palisade Wall |
| 17:44 | Construir | Palisade Wall |
| 17:47 | Construir | Palisade Wall |
| 17:48 | Construir | Palisade Wall |
| 18:04 | Construir | Palisade Wall |
| 18:05 | Construir | Palisade Wall |
| 18:06 | Construir | Palisade Wall |
| 18:08 | Construir | Palisade Wall |
| 18:16 | Construir | House |
| 18:35 | Investigar | Castle Age |
| 18:37 | Construir | House |
| 18:40 | Construir | Barracks |
| 18:44 | Crear | Spearman |
| 18:44 | Crear | Spearman |
| 19:01 | Construir | House |
| 19:14 | Construir | Palisade Wall |
| 19:15 | Construir | Palisade Wall |
| 19:37 | Crear | Spearman |
| 19:47 | Construir | Palisade Wall |
| 19:48 | Construir | Palisade Wall |
| 19:48 | Construir | Palisade Wall |
| 19:49 | Construir | Palisade Wall |
| 19:56 | Investigar | Horse Collar |
| 20:00 | Construir | House |
| 20:05 | Investigar | Man-at-Arms (upgrade) |
| 20:06 | Crear | Militia |
| 20:20 | Crear | Militia |
| 20:24 | Investigar | Fletching |
| 21:15 | Edad | Edad de los Castillos |
| 21:21 | Crear | Villager (Male) |
| 21:24 | Construir | Siege Workshop |
| 21:26 | Investigar | Long Swordsman (upgrade) |
| 21:28 | Investigar | Gambesons |
| 21:34 | Construir | Town Center |
| 21:45 | Construir | Palisade Wall |
| 21:55 | Crear | Villager (Male) |
| 22:11 | Crear | Villager (Male) |
| 22:12 | Crear | Villager (Male) |
| 22:31 | Crear | Villager (Male) |
| 22:42 | Crear | Mangonel |
| 22:42 | Crear | Mangonel |
| 22:47 | Crear | Villager (Male) |
| 22:58 | Construir | Farm |
| 23:01 | Crear | Villager (Male) |
| 23:07 | Crear | Militia |
| 23:08 | Crear | Militia |
| 23:21 | Construir | Farm |
| 23:29 | Crear | Villager (Male) |
| 23:45 | Crear | Mangonel |
| 23:57 | Crear | Villager (Male) |
| 24:07 | Crear | Villager (Male) |
| 24:11 | Construir | Farm |
| 24:14 | Investigar | Heavy Plow |
Cronología de la partida
| 5:20 | brendansexson · wall_segment Palisade Wall x3 |
| 7:38 | CORP_hector_sin_elo · wall_segment Palisade Wall x2 |
| 7:39 | CORP_hector_sin_elo · wall_segment Palisade Wall x4 |
| 7:49 | CORP_hector_sin_elo · first_building Barracks |
| 8:03 | CORP_hector_sin_elo · wall_segment Palisade Wall x1 |
| 8:04 | CORP_hector_sin_elo · wall_segment Palisade Wall x1 |
| 8:12 | CORP_hector_sin_elo · wall_segment Palisade Wall x1 |
| 8:13 | CORP_hector_sin_elo · wall_segment Palisade Wall x3 |
| 8:27 | CORP_hector_sin_elo · age_up feudal |
| 8:37 | CORP_hector_sin_elo · first_building Archery Range |
| 9:20 | brendansexson · wall_segment Palisade Wall x1 |
| 10:03 | brendansexson · wall_segment Palisade Wall x1 |
| 10:03 | brendansexson · wall_segment Palisade Wall x1 |
| 10:04 | brendansexson · wall_segment Palisade Wall x1 |
| 10:22 | brendansexson · first_building Barracks |
| 12:24 | brendansexson · age_up feudal |
| 12:44 | brendansexson · first_building Archery Range |
| 15:24 | brendansexson · wall_segment Palisade Wall x1 |
| 15:43 | CORP_hector_sin_elo · wall_segment Palisade Wall x1 |
| 16:19 | brendansexson · first_market_sell 100 wood |
| 16:43 | brendansexson · age_up castle |
| 16:46 | brendansexson · first_building Siege Workshop |
| 17:07 | brendansexson · first_market_buy 100 stone |
| 17:44 | CORP_hector_sin_elo · wall_segment Palisade Wall x2 |
| 17:44 | CORP_hector_sin_elo · wall_segment Palisade Wall x1 |
| 17:47 | CORP_hector_sin_elo · wall_segment Palisade Wall x1 |
| 17:48 | CORP_hector_sin_elo · wall_segment Palisade Wall x2 |
| 18:04 | CORP_hector_sin_elo · wall_segment Palisade Wall x2 |
| 18:05 | CORP_hector_sin_elo · wall_segment Palisade Wall x4 |
| 18:06 | CORP_hector_sin_elo · wall_segment Palisade Wall x2 |
| 18:08 | CORP_hector_sin_elo · wall_segment Palisade Wall x2 |
| 18:24 | CORP_hector_sin_elo · first_market_buy 100 food |
| 18:25 | CORP_hector_sin_elo · first_market_sell 100 stone |
| 19:14 | CORP_hector_sin_elo · wall_segment Palisade Wall x3 |
| 19:15 | CORP_hector_sin_elo · wall_segment Palisade Wall x3 |
| 19:47 | CORP_hector_sin_elo · wall_segment Palisade Wall x1 |
| 19:48 | CORP_hector_sin_elo · wall_segment Palisade Wall x1 |
| 19:48 | CORP_hector_sin_elo · wall_segment Palisade Wall x1 |
| 19:49 | CORP_hector_sin_elo · wall_segment Palisade Wall x1 |
| 21:15 | CORP_hector_sin_elo · age_up castle |
| 21:24 | CORP_hector_sin_elo · first_building Siege Workshop |
| 21:45 | CORP_hector_sin_elo · wall_segment Palisade Wall x1 |
| 23:13 | brendansexson · wall_segment Palisade Wall x1 |
| 23:52 | brendansexson · first_building Castle |
| 26:37 | CORP_hector_sin_elo · first_building Castle |
| 29:25 | brendansexson · first_building Monastery |
| 34:12 | CORP_hector_sin_elo · resign |
[ ANÁLISIS IA · 1 CRÉDITO ]
¿Qué pasó realmente en esta partida?
Wolo.gg analiza cada decisión: build order, eco, micro, errores típicos por bracket. Análisis personalizado por WhatsApp o Discord en 30 segundos.
Guía civ
Celtas
Perfil
Jugador #18377616